 Dungeon Crawl Stone Soup version 0.22.1-2-g9c5b331383 (webtiles) character file.

97537 BushDid911 the Blocker (level 16, -1/137 HPs)
             Began as a Ghoul Fighter on Nov 14, 2018.
             Was a High Priest of Yredelemnul.
             Slain by a seven-headed hydra (4 damage)
             ... on level 6 of the Lair of Beasts.
             The game lasted 01:14:37 (18688 turns).

BushDid911 the Blocker (Ghoul Fighter)             Turns: 18688, Time: 01:14:38

Health: -1/137     AC: 26    Str: 28    XL:     16   Next: 19%
Magic:  21/21      EV:  7    Int:  7    God:    Yredelemnul [*****.]
Gold:   888        SH: 14    Dex: 12    Spells: 15/15 levels left

rFire    . . .     SeeInvis .   b - +0 hunting sling
rCold    + . .     Gourm    .   c - +1 shield
rNeg     + + +     Faith    .   z - +3 plate armour
rPois    ∞         Spirit   .   A - +0 helmet "Penit" {Int+4}
rElec    +         Reflect  .   l - +2 cloak
rCorr    +         Harm     .   r - +0 pair of gloves
MR       +....                  H - +1 pair of boots {Fly}
Stlth    ..........             C - amulet "Maowo" {rElec Regen+ Str+2}
HPRegen  0.00/turn              s - +3 ring of strength
MPRegen  0.17/turn              I - ring of resist corrosion

@: about to teleport, flying, rotting, slowed, very slow
A: rotting body, claws 1, carnivore, cold resistance 1, negative energy
resistance 3, inhibited regeneration, torment resistance, unbreathing
a: Recall Undead Slaves, Injury Mirror, Animate Dead, Drain Life, Enslave Soul,
Renounce Religion, Stop Flying


You were on level 6 of the Lair of Beasts.
You worshipped Yredelemnul.
Yredelemnul was extremely pleased with you.
You were not hungry.

You visited 2 branches of the dungeon, and saw 19 of its levels.

You collected 1228 gold pieces.
You spent 340 gold pieces at shops.

Inventory:

Hand Weapons
 a - a +3 war axe of venom
 b - a +0 hunting sling (weapon)
Missiles
 o - 50 sling bullets (quivered)
 q - 10 tomahawks
Armour
 c - a +1 shield (worn)
 l - a +2 cloak (worn)
 r - a +0 pair of gloves (worn)
 z - a +3 plate armour (worn)
 A - the +0 helmet "Penit" (worn) {Int+4}
   (You acquired it on level 4 of the Lair of Beasts)

   It affects your intelligence (+4).
 E - a +0 large shield
 H - a +1 pair of boots of flying (worn)
Jewellery
 s - a +3 ring of strength (left hand)
 v - an uncursed ring of stealth
 C - the amulet "Maowo" (around neck) {rElec Regen+ Str+2}
   (You found it on level 7 of the Dungeon)

   [amulet of regeneration]

   It affects your strength (+2).
   It insulates you from electricity.
   It increases your rate of regeneration.
 G - an uncursed ring of protection from fire
 I - a ring of resist corrosion (right hand)
 R - an uncursed ring of see invisible {unknown}
 T - an uncursed ring of wizardry {unknown}
Wands
 k - a wand of disintegration (19)
 m - a wand of iceblast (5)
 n - a wand of polymorph (12)
 t - a wand of enslavement (45)
 w - a wand of acid (17)
 y - a wand of flame (14)
 F - a wand of paralysis (9)
 L - a wand of random effects (19)
Scrolls
 d - a scroll of blinking
 e - 12 scrolls of identify
 g - 5 scrolls of amnesia
 h - 8 scrolls of remove curse
 p - 3 scrolls of fear
 x - 6 scrolls of teleportation
 N - a scroll of fog
 P - 2 scrolls of enchant armour
 Q - a scroll of enchant weapon
Potions
 i - 3 potions of invisibility
 j - 2 potions of cancellation
 u - 4 potions of brilliance
 B - a potion of resistance
 D - a potion of haste
 K - 2 potions of curing
Comestibles
 f - 23 rations


   Skills:
 + Level 11.2 Fighting
   Level 2.9 Long Blades
 + Level 10.2(10.3) Axes
   Level 1.1(6.5) Polearms
 - Level 3.0(3.4) Slings
 - Level 2.4(3.1) Throwing
 + Level 10.6 Armour
 * Level 8.2 Stealth
 * Level 11.3 Shields
 + Level 8.4 Invocations
 + Level 6.8 Evocations


You had 15 spell levels left.
You didn't know any spells.
Your spell library contained the following spells:

 Spells                   Type           Power        Failure   Level  Hunger
 Animate Skeleton         Necr           N/A          99%         1    ##.....
 Apportation              Tloc           #.....       99%         1    ##.....
 Confusing Touch          Hex            #.....       99%         1    ##.....
 Freeze                   Ice            #...         99%         1    ##.....
 Summon Small Mammal      Summ           #...         99%         1    ##.....
 Throw Frost              Conj/Ice       #.....       100%        2    ###....
 Confuse                  Hex            #.......     100%        3    ####...
 Gell's Gravitas          Tloc           #.........   100%        3    ####...
 Ozocubu's Armour         Chrm/Ice       #.......     100%        3    ####...
 Static Discharge         Conj/Air       #.......     100%        3    ####...
 Petrify                  Tmut/Erth      #.......     100%        4    #####..
 Summon Ice Beast         Ice/Summ       #.......     100%        4    #####..
 Throw Icicle             Conj/Ice       #.......     100%        4    #####..
 Lightning Bolt           Conj/Air       #.........   100%        5    ######.
 Metabolic Englaciation   Hex/Ice        #.........   100%        5    ######.
 Yara's Violent Unravell  Hex/Tmut       #.........   100%        5    ######.
 Ignition                 Fire           #.........   100%        8    #######
 Shatter                  Erth           #.........   100%        9    #######
 Tornado                  Air            #.........   100%        9    #######


Dungeon Overview and Level Annotations

Branches:
Dungeon (13/15)            Temple (0/1) D:4            Lair (6/6) D:11
  Swamp (0/4) Lair:4        Snake (0/4) Lair:2          Orc (0/2) D:10
 Vaults (0/5) D:13
  Slime: Lair:5-6

Altars:
Elyvilon
Makhleb
Nemelex Xobeh
Sif Muna
Wu Jian
Xom
Yredelemnul
The Shining One
Beogh

Shops:
D:6 :   D:8 (   D:9 [**

Annotations:
D:12 1 runed door, exclusion: orange crystal statue
Lair:3 Sonja


Innate Abilities, Weirdness & Mutations

Your body is rotting away.
You thrive on raw meat.
You are immune to poison.
You have sharp fingernails.
You are carnivorous and can eat meat at any time.
Your flesh is cold resistant. (rC+)
You are immune to negative energy. (rN+++)
You do not regenerate when monsters are visible.
You are immune to unholy pain and torment.
You can survive without breathing.


Message History

The seven-headed hydra bites you but does no damage.
You block the seven-headed hydra's attack.
The seven-headed hydra bites you but does no damage. x2
You block the seven-headed hydra's attack.
The seven-headed hydra bites you.
* * * LOW HITPOINT WARNING * * *
The seven-headed hydra bites you.
* * * LOW HITPOINT WARNING * * *
The seven-headed hydra bites you but does no damage. x3
The torpor snail bites you but does no damage.
As you read the scroll of teleportation, it crumbles to dust.
You feel strangely unstable. The seven-headed hydra bites you.
* * * LOW HITPOINT WARNING * * *
The seven-headed hydra bites you.
* * * LOW HITPOINT WARNING * * *
The seven-headed hydra bites you but does no damage. x3
You block the seven-headed hydra's attack.
The seven-headed hydra bites you.
You die...
Yredelemnul claims you as an undead slave.

#. #........ .. ##........
P##.............
...............
..............(........#
......... ............#
......... #....#......#
......... ##@.....P....##
........###D#w.##.#.....#
.........###(..##..##...#####
......w...###Z.....[.........
.......(..##.....<......P.##.
.......Y(###............###
.........(...#...P#....^##
..........(...##.###.....#
............P##### #P...##


You could see a seven-headed hydra, a torpor snail and a friendly yak zombie.

Vanquished Creatures
  Josephine (D:12)
  A hydra (D:12)
  An ogre mage (D:13)
  4 two-headed ogres
  2 death yaks (Lair:2)
  A queen ant (Lair:3)
  A necromancer (Lair:5)
  4 cyclopes
  A manticore (D:12)
  13 elephants
  A torpor snail (Lair:2)
  9 spiny frogs
  A gargoyle (D:11)
  A centaur skeleton (D:13)
  4 komodo dragons
  3 demonic crawlers (D:13)
  A kobold demonologist (D:12)
  A polar bear (Lair:5)
  Prince Ribbit (D:6)
  6 blink frogs (Lair:4)
  6 hippogriffs
  3 flying skulls (Lair:5)
  6 wraiths
  Sigmund (D:3)
  A shadow (D:11)
  29 yaks
  2 basilisks
  A human (D:2)
  A steam dragon (D:11)
  4 vampire mosquitoes
  18 soldier ants (Lair:3)
  4 nagas (Lair:2)
  7 water moccasins
  6 porcupines
  Purgy (D:3)
  3 ice beasts
  An eye of draining (D:8)
  2 necrophages
  4 orc warriors
  3 sky beasts
  4 ogres
  11 wolves
  4 centaurs
  Blork the orc (D:4)
  9 crocodiles
  11 bullfrogs
  3 scorpions
  A wyvern skeleton (D:9)
  7 killer bees
  4 electric eels
  2 howler monkeys
  4 crimson imps
  A bullfrog zombie (D:6)
  2 jellies
  3 orc priests
  4 hounds
  5 orc wizards
  3 bullfrog skeletons
  2 iguanas
  16 worker ants
  A wolf simulacrum (Lair:5)
  A yak simulacrum (Lair:5)
  A hound skeleton (D:8)
  A hound zombie (D:6)
  9 adders
  7 gnolls
  A shadow imp (D:5)
  An ooze (D:1)
  An adder zombie (D:6)
  2 adder skeletons
  2 worms
  3 dart slugs
  5 leopard geckos
  35 orcs
  9 bats
  5 giant cockroaches
  11 goblins
  9 hobgoblins
  7 kobolds
  8 quokkas
  3 ball pythons
  7 frilled lizards
  A jackal zombie (D:6)
  A leopard gecko skeleton (D:9)
  A leopard gecko zombie (D:5)
  4 rats
  5 river rat simulacra (Lair:5)
  A butterfly (D:4)
  2 fungi
  2 plants
403 creatures vanquished.

Vanquished Creatures (collateral kills)
  Gastronok (D:12)
  4 hydras
  A two-headed ogre (D:13)
  A cyclops (D:13)
  An elephant (Lair:5)
  2 spiny frogs
  2 black mambas
  A rime drake (Lair:5)
  A demonic crawler (D:13)
  2 komodo dragons
  A hippogriff (Lair:4)
  5 blink frogs (Lair:4)
  4 yaks
  A human (D:8)
  A vampire mosquito (D:12)
  2 soldier ants (Lair:3)
  3 water moccasins
  3 porcupines
  6 orc warriors (D:10)
  A phantom (D:9)
  2 eyes of draining
  3 wolves
  An ogre (D:9)
  2 crocodiles
  A bullfrog (Lair:4)
  A scorpion (D:11)
  A killer bee (D:8)
  A howler monkey (D:8)
  A crimson imp (D:9)
  A jelly (D:9)
  4 orc priests
  A hound (D:10)
  An orc wizard (D:10)
  3 worker ants (Lair:3)
  4 polar bear simulacra (Lair:5)
  A howler monkey skeleton (D:9)
  3 adders
  A shadow imp (D:9)
  20 orcs
  A quokka (D:10)
  A butterfly (Lair:1)
  8 fungi
  7 plants
112 creatures vanquished.

Vanquished Creatures (others)
  7 flying skulls
  3 wraiths
  An ogre zombie (D:13)
  A human zombie (D:12)
  A two-headed ogre zombie (D:13)
  2 blink frog zombies (Lair:4)
  2 hippogriff zombies
  A komodo dragon zombie (Lair:2)
  A cyclops zombie (D:13)
  A water moccasin zombie (Lair:3)
  5 yak zombies
  A wight (Lair:3)
  3 wolf zombies (Lair:4)
  A yak skeleton (D:12)
  4 bullfrog zombies
  7 soldier ant zombies (Lair:3)
  A basilisk zombie (D:12)
  An orc wizard (D:8)
  A porcupine zombie (Lair:2)
  A crocodile zombie (Lair:6)
  A killer bee zombie (D:10)
  A naga zombie (Lair:2)
  A hound zombie (D:10)
  7 worker ant zombies
  2 orcs (D:8)
  6 orc zombies
  A quokka skeleton (D:4)
  3 fungi
67 creatures vanquished.

Grand Total: 582 creatures vanquished

Notes
Turn   | Place    | Note
-------+----------+-------------------------------------------
     0 | D:1      | BushDid911 the Ghoul Fighter began the quest for the Orb.
     0 | D:1      | Reached XP level 1. HP: 19/19 MP: 0/0
   617 | D:1      | Reached XP level 2. HP: 26/26 MP: 1/1
  1088 | D:1      | Reached XP level 3. HP: 29/31 MP: 2/2
  1413 | D:2      | Noticed a human
  1416 | D:2      | Found a runed door.
  1446 | D:2      | Found a basalt altar of Yredelemnul.
  1485 | D:2      | Killed a human
  1485 | D:2      | Reached XP level 4. HP: 14/40 MP: 3/3
  1485 | D:2      | Reached XP level 5. HP: 16/46 MP: 4/4
  1492 | D:2      | Became a worshipper of Yredelemnul the Dark
  2598 | D:2      | Reached XP level 6. HP: 22/52 MP: 5/5
  2619 | D:2      | Reached * piety under Yredelemnul
  2841 | D:2      | Found a shimmering altar of Xom.
  2973 | D:3      | Noticed Purgy
  2996 | D:3      | Killed Purgy
  2996 | D:3      | Reached skill level 1 in Polearms
  3268 | D:3      | Found a faded altar of an unknown god.
  3513 | D:3      | Noticed Sigmund
  3530 | D:3      | Killed Sigmund
  3530 | D:3      | Reached skill level 1 in Axes
  3530 | D:3      | Reached XP level 7. HP: 35/60 MP: 6/6
  3726 | D:3      | Reached skill level 1 in Slings
  3918 | D:4      | Reached skill level 5 in Shields
  3922 | D:4      | Found a glowing golden altar of the Shining One.
  3941 | D:4      | Noticed Blork the orc
  3948 | D:4      | Killed Blork the orc
  4096 | D:4      | Reached skill level 5 in Fighting
  4178 | D:4      | Reached ** piety under Yredelemnul
  4257 | D:4      | Reached XP level 8. HP: 35/68 MP: 7/7
  4477 | D:4      | Found a staircase to the Ecumenical Temple.
  4873 | D:4      | Found a deep blue altar of Sif Muna.
  5052 | D:5      | Entered Level 5 of the Dungeon
  5207 | D:5      | Reached skill level 1 in Throwing
  5948 | D:6      | Found a white marble altar of Elyvilon.
  5970 | D:6      | Reached skill level 1 in Invocations
  5970 | D:6      | Reached skill level 1 in Evocations
  6042 | D:6      | Found Usmammu's Book Emporium.
  6416 | D:6      | Found a sparkling altar of Nemelex Xobeh.
  6480 | D:6      | Noticed Prince Ribbit
  6515 | D:6      | Killed Prince Ribbit
  6515 | D:6      | Reached XP level 9. HP: 30/71 MP: 7/9
  7238 | D:7      | Got a fine garnet amulet
  7239 | D:7      | Identified the amulet "Maowo" {rElec Regen+ Str+2} (You
                  | found it on level 7 of the Dungeon)
  7698 | D:7      | Found an ornate altar of the Wu Jian Council.
  8218 | D:8      | Reached *** piety under Yredelemnul
  8221 | D:8      | Reached skill level 5 in Armour
  8329 | D:8      | Received a gift from Yredelemnul (5 flying skulls)
  8473 | D:8      | Found Xeki's Weapon Shoppe.
  8810 | D:9      | Reached skill level 5 in Axes
  8814 | D:9      | Reached XP level 10. HP: 65/84 MP: 11/11
  8942 | D:9      | Found Kiusem's General Store.
  9291 | D:9      | Reached **** piety under Yredelemnul
  9294 | D:9      | Found a burning altar of Makhleb.
  9313 | D:9      | Received a gift from Yredelemnul (2 flying skulls)
  9330 | D:9      | Found Qerieb's General Store.
  9338 | D:9      | Bought a potion of curing for 42 gold pieces
  9338 | D:9      | Bought a scroll of identify for 28 gold pieces
  9589 | D:9      | Found Voxoem Biplo's Antique Armour Emporium.
  9593 | D:9      | Bought a pair of glowing boots for 270 gold pieces
  9732 | D:10     | Entered Level 10 of the Dungeon
  9875 | D:10     | Received a gift from Yredelemnul (a wraith)
 10254 | D:10     | Found a roughly hewn altar of Beogh.
 10254 | D:10     | Found a staircase to the Orcish Mines.
 10876 | D:11     | Noticed a cyclops
 10882 | D:11     | Killed a cyclops
 10882 | D:11     | Reached XP level 11. HP: 64/92 MP: 13/13
 11294 | D:11     | Found a staircase to the Lair.
 11330 | D:12     | Noticed a cyclops
 11339 | D:11     | Killed a cyclops
 11339 | D:11     | Reached skill level 5 in Invocations
 11513 | D:12     | Noticed Josephine
 11527 | D:12     | Killed Josephine
 11606 | D:12     | Noticed a two-headed ogre
 11617 | D:12     | Killed a two-headed ogre
 11617 | D:12     | Received a gift from Yredelemnul (a wraith)
 11772 | D:12     | Noticed a two-headed ogre
 11780 | D:12     | Killed a two-headed ogre
 11809 | D:12     | Noticed a five-headed hydra
 11820 | D:12     | Killed a five-headed hydra
 11832 | D:12     | Noticed Gastronok
 11848 | D:12     | Killed Gastronok
 11848 | D:12     | Reached XP level 12. HP: 101/101 MP: 15/15
 11945 | D:12     | Noticed a six-headed hydra
 11951 | D:12     | Your ally Josephine died
 11966 | D:12     | Killed a six-headed hydra
 12112 | D:12     | Reached ***** piety under Yredelemnul
 12239 | D:12     | Reached skill level 5 in Evocations
 12334 | D:12     | Found a runed door.
 12337 | D:12     | Noticed a crystal guardian
 12337 | D:12     | Noticed a crystal guardian
 12528 | D:13     | Received a gift from Yredelemnul (3 flying skulls)
 12559 | D:13     | Noticed a two-headed ogre
 12568 | D:13     | Killed a two-headed ogre
 12568 | D:13     | Reached skill level 1 in Stealth
 12759 | D:13     | Noticed a two-headed ogre
 12759 | D:13     | Noticed a two-headed ogre
 12760 | D:13     | Found a gate to the Vaults.
 12760 | D:13     | Noticed an ogre mage
 12767 | D:13     | Killed a two-headed ogre
 12787 | D:13     | Killed a two-headed ogre
 12826 | D:13     | Killed an ogre mage
 13017 | D:13     | Received a gift from Yredelemnul (a vampire)
 13212 | D:13     | Reached skill level 10 in Shields
 13369 | Lair:1   | Entered Level 1 of the Lair of Beasts
 13883 | Lair:1   | Received a gift from Yredelemnul (a vampire)
 14829 | Lair:2   | Found a staircase to the Snake Pit.
 14840 | Lair:2   | Noticed a death yak
 14840 | Lair:2   | Noticed a death yak
 14852 | Lair:2   | Killed a death yak
 14852 | Lair:2   | Reached XP level 13. HP: 94/108 MP: 17/17
 14858 | Lair:2   | Reached skill level 5 in Stealth
 15522 | Lair:3   | Received a gift from Yredelemnul (a wight)
 15950 | Lair:3   | Noticed Sonja
 16139 | Lair:3   | Received a gift from Yredelemnul (a phantasmal warrior)
 16861 | Lair:4   | Found a staircase to the Swamp.
 16951 | Lair:4   | Received a gift from Yredelemnul (a vampire)
 17090 | Lair:4   | Reached skill level 10 in Axes
 17511 | Lair:4   | Identified a scroll of acquirement
 17512 | Lair:4   | Got a distressingly furry helmet
 17513 | Lair:4   | Identified the +0 helmet "Penit" {Int+4} (You acquired it
                  | on level 4 of the Lair of Beasts)
 17839 | Lair:5   | Received a gift from Yredelemnul (a wraith)
 17877 | Lair:5   | Reached XP level 14. HP: 73/119 MP: 19/19
 18065 | Lair:5   | Found a dark tunnel.
 18251 | Lair:5   | Received a gift from Yredelemnul (a vampire)
 18386 | Lair:5   | Reached skill level 10 in Fighting
 18386 | Lair:5   | Reached XP level 15. HP: 106/127 MP: 20/20
 18387 | Lair:5   | Reached skill level 10 in Armour
 18387 | Lair:5   | Reached XP level 16. HP: 115/136 MP: 21/21
 18579 | Lair:6   | Entered Level 6 of the Lair of Beasts
 18688 | Lair:6   | HP: 3/137 [seven-headed hydra (6)]
 18688 | Lair:6   | Slain by a seven-headed hydra

Skill      XL: |  1  2  3  4  5  6  7  8  9 10 11 12 13 14 15 |
---------------+----------------------------------------------+-----
Long Blades    | 2 |  2.9
Shields        | 3 4 5 6 7 8 9 10 11 | 11.3
Fighting       | 4 5 6 7 8 9 10 11 | 11.2
Armour         | 3 4 5 6 7 8 9 10 | 10.6
Polearms       | 1 |  1.1
Axes           | 1 2 3 5 6 8 9 10 | 10.2
Slings         | 1 2 3 |  3.0
Throwing       | 1 2 |  2.4
Invocations    | 1 3 4 6 7 8 |  8.4
Evocations     | 1 2 3 4 5 6 |  6.8
Stealth        | 4 7 8 |  8.2

Action                   |  1- 3 |  4- 6 |  7- 9 | 10-12 | 13-15 | 16-18 || total
-------------------------+-------+-------+-------+-------+-------+-------++-------
Melee: Long sword        |    91 |   122 |       |       |       |       ||   213
       War axe           |       |    56 |   346 |   458 |   428 |    15 ||  1303
       Spear             |       |    43 |       |       |       |       ||    43
 Fire: Hunting sling     |       |       |       |    10 |     5 |    10 ||    25
Invok: Animate Remains   |       |       |     7 |       |       |       ||     7
       Animate Dead      |       |       |     1 |    24 |    27 |     2 ||    54
       Recall Undead Sla |       |       |       |       |     1 |       ||     1
  Use: Potion            |     1 |     2 |       |    11 |     3 |     2 ||    19
       Scroll            |       |     6 |     7 |    10 |     4 |     1 ||    28
 Stab: Distracted        |       |       |     1 |     3 |     4 |       ||     8
       Confused          |       |       |       |     1 |       |       ||     1
  Eat: Chunk             |     3 |     7 |    21 |    25 |    24 |       ||    80
       Ration            |       |       |     4 |     6 |     3 |       ||    13
Armor: Scale mail        |    33 |   109 |       |       |       |       ||   142
       Chain mail        |       |    16 |    91 |       |       |       ||   107
       Plate armour      |       |       |    86 |   372 |   255 |    43 ||   756
Dodge: Dodged            |    29 |    91 |    63 |   125 |   102 |    10 ||   420
Block: Shield            |    42 |   129 |   208 |   391 |   338 |    37 ||  1145
       Rpst.: Long sword |    11 |    15 |       |       |       |       ||    26
